 Dungeon Crawl Stone Soup version 0.17-a0-1150-g17b0b87 (webtiles) character file.

209 Chiseanne the Skirmisher (level 5, -4/41 HPs)
             Began as a Demonspawn Wanderer on May 27, 2015.
             Slain by a gnoll
             ... wielding a +0 halberd
              (14 damage)
             ... on level 3 of the Dungeon.
             The game lasted 00:06:52 (3647 turns).

Chiseanne the Skirmisher (Demonspawn Wanderer)      Turns: 3647, Time: 00:06:53

Health: -4/41      AC:  5    Str: 12    XL:     5   Next: 55%
Magic:  9/9        EV: 13    Int: 13    God:
Gold:   89         SH:  0    Dex: 14    Spells: 0 memorised, 10 levels left

rFire  . . .     SeeInvis .     a - +3 spear
rCold  . . .     Clarity  .     q - +1 leather armour {MR+}
rNeg   . . .     SustAt   .     (no shield)
rPois  .         Gourm    .     m - +0 helmet
rElec  .         Spirit   .     (no cloak)
rCorr  .         Warding  .     (no gloves)
rMut   .         Stasis   .     (no boots)
MR     +....                    f - amulet of rage
Stlth  +++.......               (no ring)
                                (no ring)

@: somewhat resistant to hostile enchantments, fairly stealthy
A: hooves 1, nightstalker 2
a: Evoke Berserk Rage


You were on level 3 of the Dungeon.
You were near starving.

You visited 1 branch of the dungeon, and saw 3 of its levels.

You collected 89 gold pieces.

Inventory:

Hand weapons
 a - a +3 spear (weapon)
Missiles
 d - 16 sling bullets
 g - 20 arrows
 h - 75 bolts
Armour
 m - a +0 helmet (worn)
 q - a +1 leather armour of magic resistance (worn)
Jewellery
 f - an amulet of rage (around neck)
Scrolls
 i - 2 scrolls of remove curse
 k - a scroll of recharging {unknown}
Potions
 b - 3 potions of curing
 j - a potion of mutation {unknown}
 n - 2 potions of heal wounds {unknown}
 o - a potion of cure mutation {unknown}
 p - a potion of agility {unknown}
Books
 c - the Papyrus of Burning Arcane Weapons

   Spells                             Type                      Level
   a - Flame Tongue                   Conjuration/Fire             1
   b - Throw Flame                    Conjuration/Fire             2
Comestibles
 e - 3 bread rations
 l - 2 meat rations


   Skills:
 * Level 3.4 Fighting
 - Level 1.0 Throwing
 * Level 1.2 Armour
 * Level 3.3 Dodging
 * Level 1.7 Stealth
   Level 1.0 Shields
 - Level 3.0 Spellcasting
   Level 1.0 Summonings
   Level 1.1 Necromancy
 * Level 0.8 Evocations


You had 10 spell levels left.
You didn't know any spells.

Dungeon Overview and Level Annotations

Branches:
Dungeon (3/15)

Altars:
Nemelex Xobeh
Xom


Innate Abilities, Weirdness & Mutations

You have large cloven feet.
You are significantly more attuned to the shadows.


Message History

The gnoll closely misses you. The gnoll completely misses you.
You closely miss the gnoll. You kick the gnoll, but do no damage.
The gnoll is heavily wounded.
The gnoll closely misses you. x2
You puncture the gnoll!
You kill the gnoll!
The gnoll barely misses you. The gnoll barely misses you.
Things that are here:
a spear; a gnoll corpse You barely miss the gnoll.
The gnoll closely misses you.
You hit the gnoll. You kick the gnoll, but do no damage.
The gnoll is lightly wounded.
The gnoll hits you with a halberd!
* * * LOW HITPOINT WARNING * * *
You hit the gnoll. You kick the gnoll, but do no damage.
The gnoll is heavily wounded.
Drink which item? (? for menu, Esc to quit)
You feel better. The gnoll hits you with a halberd!
You die...

##.#######
#.# #.# #.#
#.# #.# #.#
#.###########
#....†)@g....
#############


You could see a gnoll.

Vanquished Creatures
  An orc priest (D:3)
  A hound (D:3)
  6 adders
  3 gnolls (D:3)
  An ooze (D:2)
  A worm (D:3)
  2 giant geckos (D:3)
  4 orcs (D:3)
  3 ball pythons
  7 goblins
  10 hobgoblins
  4 jackals (D:2)
  3 kobolds
  6 bats
  3 giant newts (D:1)
  6 rats
61 creatures vanquished.

Notes
Turn   | Place    | Note
--------------------------------------------------------------
     0 | D:1      | Chiseanne the Demonspawn Wanderer began the quest for the Orb.
     0 | D:1      | Chiseanne set off with: a +2 spear, a potion of curing, the Papyrus of Burning Arcane Weapons, a +0 robe, a bread ration
     0 | D:1      | Reached XP level 1. HP: 16/16 MP: 4/4
     0 | D:1      | Identified the Papyrus of Burning Arcane Weapons
   459 | D:1      | Reached skill level 1 in Dodging
   545 | D:1      | Found a sparkling altar of Nemelex Xobeh.
   794 | D:1      | Gained mutation: You have large cloven feet. [demonic ancestry]
   794 | D:1      | Reached XP level 2. HP: 20/23 MP: 6/6
  1124 | D:2      | Gained mutation: You are slightly more attuned to the shadows. [demonic ancestry]
  1124 | D:2      | Reached XP level 3. HP: 12/28 MP: 7/7
  1126 | D:2      | HP: 1/28 [adder (1)]
  1567 | D:2      | Found a shimmering altar of Xom.
  1794 | D:2      | Reached XP level 4. HP: 35/35 MP: 8/8
  2989 | D:3      | Gained mutation: You are significantly more attuned to the shadows. [demonic ancestry]
  2989 | D:3      | Reached XP level 5. HP: 32/41 MP: 9/9
  3077 | D:3      | Reached skill level 1 in Armour
  3647 | D:3      | Slain by a gnoll

Vault maps used:
D:1:      dpeg_arrival_oval, minivault_14, hangedman_decor_diamond_cutter,
          nemelex_altar_shiori
D:2:      xom_teletrap_fun
D:3:      nrook_mini_backslash

Action                   |  1- 3 |  4- 6 || total
-------------------------+-------+-------++-------
Melee: Spear             |    97 |   173 ||   270
  Use: Scroll            |     8 |     2 ||    10
       Potion            |     1 |     4 ||     5
 Stab: Sleeping          |     4 |     3 ||     7
  Eat: Chunk             |     3 |     4 ||     7
